Map: Odyssey LE

Players

Whiskydog

  • Race: Terran Terran
  • League: Silver
  • Spawn Location: 11:00

Chriztian - Winner!

  • Race: Protoss Protoss
  • League: Silver
  • Spawn Location: 5:00

VOD

Have the link to the VOD?

Description

Time

  • Played on: June 1, 2017, 8:09 p.m.
  • Length: 6:27
Show
View Real Time Build Order
Export as new Build Order

Whiskydog Terran 

Build Orders:  

Get SALT Encoding   

  12  0:02  SCV  
  13  0:16  Supply Depot  
  13  0:18  SCV  
  14  0:30  SCV  
  15  0:45  Barracks  
  15  0:48  SCV  
  16  0:54  Refinery  
  16  1:00  SCV  
  17  1:19  SCV  
  18  1:29  Refinery  
  18  1:31  SCV  
  19  1:39  Engineering Bay  
  19  1:43  SCV  
  20  1:57  SCV  
  21  2:04  Barracks Reactor  
  21  2:09  SCV  
  22  2:19  Supply Depot, Terran Infantry Weapons Level 1  
  22  2:21  SCV  
  23  2:43  Orbital Command  
  23  2:49  Marine x2  
  25  2:56  Barracks  
  25  3:00  Barracks  
  25  3:12  Marine  
  26  3:17  Marine  
  26  3:18  SCV  
  28  3:30  SCV  
  29  3:34  Marine  
  29  3:35  Marine  
  31  3:51  Factory  
  31  3:59  Barracks Reactor  
  31  4:00  Barracks Tech Lab  
  31  4:10  Supply Depot  
  31  4:24  Terran Infantry Armor Level 1  
  31  4:32  Missile Turret, Marine x2, SCV  
  31  4:34  Supply Depot, Missile Turret  
  31  4:36  Missile Turret  
  34  4:39  Combat Shields  
  34  4:42  Marine x2  
  36  4:49  Marine  
  36  4:52  Engineering Bay, Marine  
  38  5:08  Supply Depot, Marine  
  38  5:09  Marine  
  38  5:10  Supply Depot  
  38  5:11  SCV  
  41  5:16  Marine  
  42  5:25  SCV  
  43  5:29  Marine  
  43  5:35  Factory Tech Lab  
  44  5:48  Starport  
  44  5:50  SCV  
  45  6:02  SCV  
Show
View Real Time Build Order
Export as new Build Order

Chriztian Protoss - Winner!

Build Orders:  

Get SALT Encoding   

  12  0:14  Pylon  
  12  0:18  Probe (Chrono Boost)  
  14  0:28  Probe (Chrono Boost)  
  14  0:41  Probe (Chrono Boost)  
  15  0:43  Gateway  
  15  0:59  Assimilator  
  15  1:12  Pylon  
  15  1:32  Pylon  
  15  1:40  Cybernetics Core  
  15  1:42  Gateway  
  15  1:50  Assimilator  
  15  1:55  Assimilator  
  15  2:00  Probe (Chrono Boost)  
  16  2:10  Probe (Chrono Boost)  
  17  2:18  Forge  
  17  2:23  Probe (Chrono Boost)  
  18  2:34  Probe (Chrono Boost)  
  19  2:41  Warp Gate  
  19  2:44  Probe (Chrono Boost)  
  20  2:56  Probe (Chrono Boost)  
  21  3:10  Mothership Core (Chrono Boost)  
  23  3:16  Gateway  
  23  3:18  Gateway x2  
  23  3:30  Photon Cannon  
  23  3:59  Pylon  
  23  4:04  Pylon  
  23  4:08  Pylon  
  24  4:17  Probe (Chrono Boost)  
  24  4:28  Probe (Chrono Boost)  
  25  4:48  Zealot x2  
  25  4:49  Zealot x2  
  25  4:50  Zealot  
  35  5:09  Sentry x2, Pylon  
  35  5:10  Sentry x2  
  35  5:11  Sentry  
  35  5:12  Pylon  
  45  5:32  Pylon  
  45  5:41  Pylon  
  45  5:52  Pylon  
  45  5:56  Pylon  
  45  5:57  Robotics Facility  
  45  6:02  Stalker x2  
  49  6:05  Sentry  
Tags
 
Matchup
PvT
Replay Pack
SIII
Spawn Locations
Cross Positions
Add a new tag
Caveats
  • Supply blocks, unpowered buildings, or Contaminate may cause inaccurate times.
  • Supply counts are checked every 10 seconds.